 Dungeon Crawl Stone Soup version 0.26-a0-958-gf3041fb45f (webtiles) character file.

Game seed: 18064686867687189759

12 Dracia the Sneak (level 2, -2/25 HPs)
             Began as a Demonspawn Delver on Dec 1, 2020.
             Slain by a scorpion (7 damage)
             ... on level 4 of the Dungeon.
             The game lasted 00:00:36 (624 turns).

Dracia the Sneak (Demonspawn Delver)                 Turns: 624, Time: 00:00:36

Health: -2/25      AC:  3    Str: 12    XL:     2   Next: 20%
Magic:  2/2        EV: 12    Int: 11    God:
Gold:   27         SH:  0    Dex: 14    Spells: 1/1 levels left

rFire    . . .     SeeInvis .   a - +0 spear
rCold    . . .     Faith    .   (no shield)
rNeg     . . .     Spirit   .   b - +0 leather armour
rPois    .         Reflect  .   (helmet restricted)
rElec    .         Harm     .   (no cloak)
rCorr    .         Rampage  .   (no gloves)
MR       .....                  (no boots)
Stlth    ++........             (no amulet)
HPRegen  0.08/turn              (no ring)
MPRegen  0.08/turn              (no ring)

@: no status effects
A: antennae 1
a: no special abilities


You were on level 4 of the Dungeon.
You visited 1 branch of the dungeon, and saw 2 of its levels.

You collected 27 gold pieces.


Innate Abilities, Weirdness & Mutations

You have a pair of small antennae on your head.


   Skills:
 + Level 3.7 Fighting
 - Level 1.7 Polearms
 - Level 1.7 Dodging
 - Level 4.5 Stealth


You had one spell level left.
You didn't know any spells.
Your spell library was empty.

Inventory:

Hand Weapons
 a - a +0 spear (weapon)
Armour
 b - a +0 leather armour (worn)
Wands
 g - a wand of digging (3)
Scrolls
 c - a scroll of fog
 d - a scroll of magic mapping
 e - a scroll of fear
 h - a scroll of remove curse {unknown}
Potions
 f - 2 potions of haste {@q3}
 i - a potion of flight {unknown}

Dungeon Overview and Level Annotations

Branches:
Dungeon (5/15)
 Temple: D:4-7

Altars:

Annotations:
D:5 Dowan, Duvessa

#.....$....#
##..........#
#...........#.
#
#.............
..#...>...$....
...............
#..?.s...#
#....@...##
#.......$.#
##........#
###......# ###
#####.## #.###
#..# ##.
##...##
#..##....
######.....#
##.......#
##..........#
##.......##


You could see a scorpion.


Message History

Found 11 gold pieces.
Found a stone staircase leading down.
A scorpion comes into view.
A scorpion is nearby!
Found 13 gold pieces.
You reach to attack!
You barely miss the scorpion. You closely miss the scorpion.
The scorpion stings you!
You hit the scorpion.
The scorpion is moderately wounded.
The scorpion stings you.
You hit the scorpion but do no damage.
The scorpion is moderately wounded.
The scorpion stings you!
* * * LOW HITPOINT WARNING * * *
You are too injured to fight recklessly!
You are too injured to fight recklessly!
Unknown command.
You hit the scorpion but do no damage.
The scorpion is moderately wounded.
The scorpion stings you.
* * * LOW HITPOINT WARNING * * *
You hit the scorpion.
The scorpion is moderately wounded.
The scorpion stings you but does no damage.
You hit the scorpion but do no damage.
The scorpion is moderately wounded.
The scorpion stings you but does no damage.
You hit the scorpion but do no damage.
The scorpion is moderately wounded.
The scorpion stings you!
You die...

Action                   || total
-------------------------++-------
Melee: Spear             ||    19
 Stab: Sleeping          ||     2
Armor: Leather armour    ||     3
Dodge: Dodged            ||     3

Levels and vault maps discovered:
D:4:      layout_cave_pods, minmay_misc_feat_encased, corexii_leaking_fountain,
          grunt_ministairs_4, kennysheep_generic_room_12
D:5:      layout_rooms, minmay_temple_entry_poolview, serial_corexii_hall,
          corexii_hall_statues_s, corexii_hall_statues_i, serial_bayou_pond_e,
          uniq_duvessa

Notes
Turn   | Place    | Note
-------+----------+-------------------------------------------
     0 | D:5      | Dracia the Demonspawn Delver began the quest for the Orb.
     0 | D:5      | Reached XP level 1. HP: 18/18 MP: 1/1
     2 | D:5      | Noticed Duvessa
     2 | D:5      | Noticed Dowan
    95 | D:4      | Gained mutation: You have a pair of small antennae on your
                  | head. [demonic ancestry]
    95 | D:4      | Reached XP level 2. HP: 5/25 MP: 2/2
   102 | D:4      | HP: 2/25 [poisoned by an adder]
   110 | D:4      | HP: 1/25 [poisoned by an adder]
   613 | D:4      | Noticed a scorpion
   624 | D:4      | Slain by a scorpion

Vanquished Creatures
  An adder (D:4)
  An orc (D:4)
  A giant cockroach (D:4)
3 creatures vanquished.

Table legend: (Time is in decaauts)
 A = Elapsed time spent in this place.
 B = Non-inter-level travel time spent in this place.
 C = Inter-level travel time spent in this place.
 D = Time resting spent in this place.
 E = Time spent auto-exploring this place.
 F = Levels seen in this place.
 G = Mean time per level.
                   A        B        C        D        E       F      G
               +--------+--------+--------+--------+--------+-----+--------+
         Total |    624 |    624 |      0 |    511 |     67 |   2 |  312.0 |
       Dungeon |    624 |    624 |      0 |    511 |     67 |   2 |  312.0 |
               +--------+--------+--------+--------+--------+-----+--------+

Top non-repeatable levels by time:
     D:4: 617 daAuts
     D:5: 7 daAuts

Table legend:
 A = Non-vault XP
 B = Vault XP
 C = Vault XP percentage of total XP
 D = Non-vault monster count
 E = Vault monster count
 F = Vault count percentage of total count
                 A         B        C        D         E       F
            +---------+---------+-------+---------+---------+-------
      Total |      18 |       0 |   0.0 |       3 |       0 |   0.0
            +---------+---------+-------+---------+---------+-------
        D:4 |      18 |       0 |   0.0 |       3 |       0 |   0.0
            +---------+---------+-------+---------+---------+-------
